 Dungeon Crawl Stone Soup version 0.31-a0-426-g3a05650e59 (webtiles) character file.

Game seed: 6650427962250341677

2009 hashsling the Skirmisher (level 9, -4/47 HPs)
             Began as a Deep Elf Hexslinger on July 30, 2023.
             Was an Initiate of Sif Muna.
             Killed from afar by an orc wizard (8 damage)
             ... with a magic dart
             ... on level 7 of the Dungeon.
             The game lasted 00:32:29 (5071 turns).

hashsling the Skirmisher (Deep Elf Hexslinger)      Turns: 5071, Time: 00:32:29

Health: -4/47      AC:  6    Str:  5    XL:     9   Next: 2%
Magic:  16/18      EV: 13    Int: 21    God:    Sif Muna [......]
Gold:   189        SH:  0    Dex: 19    Spells: 1/18 levels left

rFire   + . .        H - +0 shortbow
rCold   x . .        (shield currently unavailable)
rNeg    . . .        c - +0 robe
rPois   .            (no helmet)
rElec   .            M - scarf {repulsion}
rCorr   .            (no gloves)
SInv    .            (no boots)
Will    .....        I - amulet of the acrobat
Stlth   ++           j - ring of fire
HPRegen 0.27/turn    t - +4 ring of protection
MPRegen 0.16/turn

%: repel missiles, acrobat
@: no status effects
A: no striking features
a: Renounce Religion


You were on level 7 of the Dungeon.
You worshipped Sif Muna.
Sif Muna was noncommittal.
You visited 2 branches of the dungeon, and saw 8 of its levels.

You collected 189 gold pieces.

Inventory:

Hand Weapons
 a - a +1 sling
 f - a +1 demon whip of venom
 A - a +1 short sword of protection
 H - a +0 shortbow (weapon)
Missiles
 d - 63 stones
Armour
 c - a +0 robe (worn)
 F - +0 swamp dragon scales
 M - a scarf of repulsion (worn)
Jewellery
 j - a ring of fire (left hand)
 t - a +4 ring of protection (right hand)
 I - an amulet of the acrobat (around neck)
 J - a ring of fire
Wands
 n - a wand of paralysis (23)
 z - a wand of flame (28)
 N - a wand of iceblast (9)
Scrolls
 b - 2 scrolls of poison
 g - a scroll of silence {unknown}
 i - 2 scrolls of revelation
 k - 3 scrolls of identify {unknown}
 l - 3 scrolls of teleportation {unknown}
 m - 2 scrolls of immolation {unknown}
 q - a scroll of noise {unknown}
 w - a scroll of brand weapon {unknown}
 x - a scroll of acquirement {unknown}
 y - 2 scrolls of fog {unknown}
 C - a scroll of summoning {unknown}
 K - a scroll of blinking {unknown}
Potions
 e - 3 potions of lignification {unknown}
 h - 2 potions of curing {unknown}
 o - a potion of berserk rage {unknown}
 p - a potion of heal wounds {unknown}
 r - a potion of degeneration {unknown}
 s - a potion of cancellation {unknown}
 u - a potion of enlightenment {unknown}
 v - a potion of resistance {unknown}
 B - a potion of attraction {unknown}
 D - 3 potions of magic {unknown}
 E - a potion of invisibility {unknown}
 G - a potion of might {unknown}
 L - a potion of mutation {unknown}


   Skills:
 - Level 1.0 Fighting
 * Level 12.3 Ranged Weapons
 - Level 3.0 Dodging
 - Level 5.0 Spellcasting
 + Level 7.4 Hexes
 + Level 3.5 Translocations
 - Level 1.0 Fire Magic


You had one spell level left.
You knew the following spells:

 Your Spells              Type           Power      Damage    Failure   Level
a - Slow                  Hex            100%       N/A       1%          1
b - Inner Flame           Hex/Fire       34%        N/A       6%          3
c - Portal Projectile     Hex/Tloc       56%        N/A       3%          3
d - Cause Fear            Hex            18%        N/A       5%          4
e - Gell's Gravitas       Tloc           20%        N/A       8%          3
f - Teleport Other        Tloc           20%        N/A       8%          3

Your spell library contained the following spells:

 Spells                   Type           Power      Damage    Failure   Level
 Animate Armour           Summ/Erth      10%        N/A       71%         4
 Summon Lightning Spire   Summ/Air       5%         N/A       71%         4
 Lee's Rapid Deconstruct  Erth           2%         3d5*      96%         5
 Dispersal                Tloc           10%        N/A       98%         6


Dungeon Overview and Level Annotations

Branches:
Dungeon (7/15)             Temple (1/1) D:5

Altars:
Ashenzari
Dithmenos
Elyvilon
Fedhas
Kikubaaqudgha
Makhleb
Nemelex Xobeh
Okawaru
Qazlal
Sif Muna
Trog
Uskayaw
Vehumet
Wu Jian
Xom
Yredelemnul
The Shining One

Shops:
D:6 :

Annotations:
D:7 1 transporter


Message History

Press: ? - help, Q - select action, (/) - cycle Shift-Dir - straight line, f/p - orc priest
Aim: an orc priest, wielding a +0 club and wearing a +0 scale mail (heavily wounded, 69% to hit)
You shoot an arrow.
The arrow closely misses the water moccasin.
The arrow hits the orc priest!
You kill the orc priest!
Sif Muna accepts your kill.
The water moccasin completely misses you.
Fire: H) +0 shortbow
Press: ? - help, Q - select action, (/) - cycle Shift-Dir - straight line, f - water moccasin
Aim: a water moccasin (heavily wounded, inner flame, 51% to hit)
You shoot an arrow. The arrow hits the water moccasin!
Flame seeps out of the water moccasin.
The water moccasin is almost dead.
The water moccasin is engulfed in blazing flames.
Sif Muna accepts your kill.
The water moccasin explodes!
The fiery explosion engulfs you! You resist.
* * * LOW HITPOINT WARNING * * *
You hear a shout!
You have reached level 9!
Your experience leads to an increase in your attributes!
Increase (S)trength, (I)ntelligence, or (D)exterity?
You feel agile. x2
You're standing in a cloud of flame!
An orc wizard comes into view. It is wielding a +0 dagger.
You are too injured to fight recklessly!
Fire: H) +0 shortbow
Press: ? - help, Q - select action, (/) - cycle Shift-Dir - straight line, f - orc wizard
Aim: an orc wizard, wielding a +0 dagger and wearing a +0 robe (61% to hit)
You shoot an arrow. The arrow hits the orc wizard!
The orc wizard is heavily wounded.
Fire: H) +0 shortbow
Press: ? - help, Q - select action, (/) - cycle Shift-Dir - straight line, f/p - orc wizard
Aim: an orc wizard, wielding a +0 dagger and wearing a +0 robe (heavily wounded, 61% to hit)
You shoot an arrow. The arrow hits the orc wizard.
The orc wizard is severely wounded.
The orc wizard gestures at you while chanting.
The magic dart hits you!
You die...

##.# #.#...###..#
### #..#
#..........# #.##
#.#...###.## #.#
#....## #.#
####.###### ######
#.#
..........########
#<#
####.####........#
#.# #.# ########.#
#.# #.# #@# #.#
### #.#### #§# #.#
##.# #....# #)#
#.###.#. ####.#
#§# #.##.### #.#
#)#########.#.###.
#.#
#.o....o.....###..
#.#
###.#########.#...
#.### ##.# ##.#..
#...#######..#
##.#.


You could see an orc wizard.

Vanquished Creatures
  Pikel (D:4)
  Duvessa (D:5)
  A water moccasin (D:7)
  3 ice beasts (D:6)
  An ogre (D:4)
  A centaur (D:6)
  3 lemures (D:4)
  A scorpion (D:5)
  Dowan (D:5)
  3 vampire bats (D:6)
  3 iron imps (D:3)
  A gnoll bouda (D:5)
  3 hounds
  3 orc priests
  3 iguanas
  10 adders
  10 gnolls
  A shadow imp (D:6)
  A white imp (D:5)
  An ufetubus (D:6)
  3 worms
  3 dart slugs
  7 orcs
  5 ball pythons
  2 bat skeletons (D:6)
  4 bat zombies (D:6)
  4 endoplasms
  3 giant cockroaches
  16 goblins
  4 hobgoblins
  4 jackals (D:5)
  5 quokkas
  5 bats
  4 frilled lizards
  4 kobolds
  9 rats
134 creatures vanquished.

Notes
Turn   | Place    | Note
-------+----------+-------------------------------------------
     0 | D:1      | hashsling the Deep Elf Hexslinger began the quest for the
                  | Orb.
     0 | D:1      | Reached XP level 1. HP: 11/11 MP: 5/5
    37 | D:1      | Reached skill level 1 in Fighting
    37 | D:1      | Reached skill level 3 in Ranged Weapons
    73 | D:1      | Reached XP level 2. HP: 9/16 MP: 7/7
   523 | D:2      | Reached skill level 4 in Ranged Weapons
   523 | D:2      | Reached XP level 3. HP: 20/20 MP: 8/8
   649 | D:2      | Learned a level 3 spell: Inner Flame
   963 | D:2      | Reached XP level 4. HP: 25/25 MP: 5/9
   975 | D:2      | Reached skill level 5 in Ranged Weapons
  1382 | D:3      | Found a sparkling altar of Nemelex Xobeh.
  1420 | D:3      | Reached skill level 5 in Hexes
  1449 | D:3      | Learned a level 3 spell: Portal Projectile
  1582 | D:3      | Reached XP level 5. HP: 29/29 MP: 10/10
  1623 | D:3      | Found a burning altar of Makhleb.
  1697 | D:3      | Reached skill level 6 in Ranged Weapons
  2057 | D:4      | Noticed Pikel
  2057 | D:4      | Noticed a lemure
  2057 | D:4      | Noticed a lemure
  2057 | D:4      | Noticed a lemure
  2058 | D:4      | Noticed a lemure
  2062 | D:4      | Killed a lemure
  2062 | D:4      | Killed a lemure
  2167 | D:4      | Killed a lemure
  2167 | D:4      | Killed Pikel
  2168 | D:4      | Reached skill level 9 in Ranged Weapons
  2168 | D:4      | Reached XP level 6. HP: 34/34 MP: 1/12
  2168 | D:4      | Reached XP level 7. HP: 38/38 MP: 1/13
  2173 | D:4      | Learned a level 4 spell: Cause Fear
  2265 | D:4      | Found an ornate altar of the Wu Jian Council.
  2468 | D:4      | Reached skill level 1 in Translocations
  2468 | D:4      | Reached skill level 1 in Fire Magic
  2539 | D:4      | Found a blossoming altar of Fedhas.
  2923 | D:5      | Entered Level 5 of the Dungeon
  2958 | D:5      | Noticed Duvessa
  2958 | D:5      | Noticed Dowan
  3104 | D:5      | Reached skill level 10 in Ranged Weapons
  3167 | D:5      | Reached XP level 8. HP: 43/43 MP: 15/15
  3171 | D:5      | Learned a level 3 spell: Gell's Gravitas
  3500 | D:5      | Killed Dowan
  3570 | D:5      | Killed Duvessa
  3841 | D:5      | Found a staircase to the Ecumenical Temple.
  3846 | Temple   | Entered the Ecumenical Temple
  3852 | Temple   | Became a worshipper of Sif Muna the Loreminder
  3935 | D:6      | Reached skill level 11 in Ranged Weapons
  3962 | D:6      | Found Leumn's Tiny Tomes.
  4253 | D:6      | Reached skill level 5 in Spellcasting
  4257 | D:6      | Learned a level 3 spell: Teleport Other
  4601 | D:6      | Found an ancient bone altar of Kikubaaqudgha.
  4627 | D:6      | Reached skill level 12 in Ranged Weapons
  4850 | D:7      | Found a transporter.
  5068 | D:7      | Reached XP level 9. HP: 3/47 MP: 16/18
  5071 | D:7      | Killed from afar by an orc wizard

Illustrated notes

Levels and vault maps discovered:
D:1:      erik_arrival_blinker_ship, layout_rooms, minmay_misc_feat_doors
D:2:      wander_river, layout_loops_ring, serial_bayou, serial_bayou_ford_a,
          serial_bayou_shore_a, serial_bayou_crossing, serial_bayou_pond_b,
          serial_bayou_shore_b, minmay_misc_feat_more_columns,
          hangedman_abyss_or_decor_lesser_grid
D:3:      layout_rooms, demons_altar, overflow_temple_1_default
D:4:      layout_basic, mainiacjoe_overflow_tiny_flanked,
          mainiacjoe_overflow_chevrons, serial_curves, eino_curves_01,
          eino_curves_04, minmay_ogre_servants, uniq_pikel
D:5:      layout_basic, temple_doors_cd, uniq_duvessa
D:6:      layout_basic, kennysheep_vampire_church,
          nicolae_shop_i_like_small_books_too
D:7:      gammafunk_cloud_chamber, layout_loops_ring
Temple:   hellmonk_temple_two_chambers

Skill      XL: |  1  2  3  4  5  6  7  8 |
---------------+-------------------------+-----
Fighting       | 1 |  1.0
Ranged Weapons | 3 4 5 9 10 12 | 12.3
Spellcasting   | 2 3 5 |  5.0
Dodging        | 3 |  3.0
Hexes          | 5 6 7 |  7.4
Translocations | 2 3 |  3.5
Fire Magic     | 1 |  1.0

Action                     |  1- 3 |  4- 6 |  7- 9 || total
---------------------------+-------+-------+-------++-------
  Melee: Demon whip        |    23 |     4 |     7 ||    34
   Fire: Sling             |   105 |   138 |   166 ||   409
         Shortbow          |       |       |   105 ||   105
   Cast: Slow              |     4 |    12 |    25 ||    41
         Inner Flame       |     1 |     5 |     9 ||    15
         Portal Projectile |       |     1 |     2 ||     3
         Cause Fear        |       |       |     1 ||     1
         Gell's Gravitas   |       |       |     1 ||     1
  Evoke: Wand              |     1 |       |     1 ||     2
    Use: Scroll            |       |       |     1 ||     1
 Armour: Robe              |     3 |     4 |    46 ||    53
  Dodge: Dodged            |    36 |    18 |   110 ||   164

Table legend: (Time is in decaauts)
 A = Elapsed time spent in this place.
 B = Non-inter-level travel time spent in this place.
 C = Inter-level travel time spent in this place.
 D = Time resting spent in this place.
 E = Time spent auto-exploring this place.
 F = Levels seen in this place.
 G = Mean time per level.
                   A        B        C        D        E       F      G
               +--------+--------+--------+--------+--------+-----+--------+
         Total |   5105 |   4921 |    184 |      0 |   3543 |   8 |  638.1 |
       Dungeon |   5094 |   4910 |    184 |      0 |   3543 |   7 |  727.7 |
        Temple |     10 |     10 |      0 |      0 |      0 |   1 |   10.0 |
               +--------+--------+--------+--------+--------+-----+--------+

Top non-repeatable levels by time:
     D:4: 995 daAuts
     D:2: 967 daAuts
     D:5: 965 daAuts
     D:6: 862 daAuts
     D:3: 551 daAuts
     D:1: 475 daAuts
     D:7: 276 daAuts
  Temple: 10 daAuts
